 Dungeon Crawl Stone Soup version 0.29.0-11-gd7f09526c8 (webtiles) character file.

Game seed: 12152506573267673421

15 Iusername the Insei (level 2, 0/22 HPs)
             Began as a Djinni Transmuter on Sept 2, 2022.
             Slain by a goblin
             ... wielding a +0 club
              (3 damage)
             ... on level 2 of the Dungeon.
             The game lasted 00:02:08 (1187 turns).

Iusername the Insei (Djinni Transmuter)             Turns: 1187, Time: 00:02:09

Health: 0/22       AC:  2    Str:  9    XL:     2   Next: 65%
Gold:   26         EV: 10    Int: 14    God:
                   SH:  9    Dex: 13

rFire   + + .      SeeInvis .     - Unarmed
rCold   x . .      Faith    .   f - +2 kite shield
rNeg    . . .      Spirit   .   a - +0 robe
rPois   ∞          Reflect  .   (no helmet)
rElec   .          Harm     .   (no cloak)
rCorr   .          Rampage  .   (no gloves)
Will    .....                   (boots unavailable)
Stlth   +.........              (no amulet)
HPRegen 0.07/turn               (no ring)
MPRegen 0.00/turn               (no ring)

@: flying
A: sickness immunity, fire resistance 2, cold vulnerability 1, float, innate
caster, HP casting, extra vitality 1
a: no special abilities


You were on level 2 of the Dungeon.
You visited 1 branch of the dungeon, and saw 2 of its levels.

You collected 26 gold pieces.

Inventory:

Missiles
 i - 2 boomerangs
Armour
 a - a +0 robe (worn)
 f - a +2 kite shield (worn)
 g - a +0 plate armour
Jewellery
 j - a +6 ring of intelligence
Scrolls
 d - a scroll of identify {unknown}
 e - a scroll of teleportation {unknown}
Potions
 b - a potion of lignification
 c - a potion of mutation {unknown}
 h - 2 potions of flight {unknown}


   Skills:
 + Level 1.0 Fighting
 + Level 2.7 Dodging
 + Level 0.4 Shields
 + Level 3.3 Unarmed Combat
 + Level 1.6 Spellcasting


You couldn't memorise any spells.
You knew the following spells:

 Your Spells              Type           Power      Damage    Failure   Level
a - Beastly Appendage     Tmut           10%        N/A       41%         1
b - Wereblood             Tmut           5%         N/A       56%         2
c - Spider Form           Tmut/Pois      5%         N/A       80%         3
d - Ice Form              Ice/Tmut       5%         N/A       99%         4
Your spell library was empty.

Dungeon Overview and Level Annotations

Branches:
Dungeon (2/15)

Altars:


Innate Abilities, Weirdness & Mutations

You are immune to sickness and miasma.
You are immune to poison.
Your flesh is very heat resistant. (rF++)
You are vulnerable to cold. (rC-)
You float through the air rather than walking.
You learn spells naturally, not from books.
Your magical power is your life essence.
You have superior vitality. (+4 MHP)


Message History

The goblin is heavily wounded.
The hobgoblin shouts!
You block the goblin's attack. The goblin barely misses you.
The goblin hits you with a +0 club.
You hit the goblin.
You kill the goblin!
The goblin completely misses you. The goblin barely misses you.
You hit the hobgoblin.
The hobgoblin is heavily wounded.
You block the goblin's attack. The goblin closely misses you.
The hobgoblin closely misses you.
You closely miss the hobgoblin. Your headbutt misses the hobgoblin.
The hobgoblin is heavily wounded.
The goblin barely misses you. You block the hobgoblin's attack.
The goblin closely misses you.
You hit the hobgoblin.
The hobgoblin is severely wounded.
You block the goblin's attack. The goblin closely misses you.
The hobgoblin closely misses you.
You hit the hobgoblin.
You kill the hobgoblin!
The goblin hits you with a +0 club. The goblin barely misses you.
You hit the hobgoblin.
The hobgoblin is almost dead.
You block the hobgoblin's attack. You block the goblin's attack.
The goblin barely misses you. The goblin hits you with a +0 club.
The goblin hits you but does no damage. The hobgoblin closely misses you.
You closely miss the hobgoblin. Your headbutt misses the hobgoblin.
The hobgoblin is almost dead.
The goblin hits you with a +0 club. The hobgoblin hits you.
You block the goblin's attack.
You hit the hobgoblin.
You kill the hobgoblin!
Your horns disappear.
The goblin hits you with a +0 club.
* * * LOW HITPOINT WARNING * * *
You block the goblin's attack.
Your magical contamination has completely faded away.
The goblin hits you with a +0 club.
You die...

## #.# ## # ..
.## ##+####..#
#...#g##.## ..
+...@..'..# ..#
#...#g##..#
..####'####...#
...#...#...#.# #
#.##.##..#..#
###.#..###.....##
.............###
#......>...#
.....#.......#


You could see 2 goblins.

Vanquished Creatures
  3 ball pythons (D:1)
  An endoplasm (D:1)
  2 goblins (D:2)
  2 hobgoblins (D:2)
  2 quokkas (D:1)
  A bat (D:1)
  A frilled lizard (D:1)
  2 rats (D:1)
14 creatures vanquished.

Notes
Turn   | Place    | Note
-------+----------+-------------------------------------------
     0 | D:1      | Iusername the Djinni Transmuter began the quest for the
                  | Orb.
     0 | D:1      | Iusername set off with the following spells memorised:
                  | Beastly Appendage, Wereblood, Spider Form, Ice Form.
     0 | D:1      | Reached XP level 1. HP: 17/17 MP: 0/0
    10 | D:1      | Noticed a minotaur zombie
    21 | D:1      | Noticed a merfolk zombie
   724 | D:1      | Reached XP level 2. HP: 17/22 MP: 0/0
  1150 | D:1      | You are sucked into a shaft and drop 1 floor!
  1187 | D:2      | Slain by a goblin

Illustrated notes

Levels and vault maps discovered:
D:1:      shiori_arrival_whats_in_store_for_you, layout_rooms
D:2:      cheibrodos_greedy_goblins, layout_rooms, minmay_pentomino_z4

Action                   || total
-------------------------++-------
Melee: Unarmed           ||    54
       Headbutt          ||     2
 Cast: Beastly Appendage ||     8
Armor: Robe              ||     7
Dodge: Dodged            ||    39
Block: Kite shield       ||    36
